 Dungeon Crawl Stone Soup version 0.29-a0-582-ge82337ba6a (webtiles) character file.

Game seed: 11734911568213803823

23818 Pooter the Severer (level 12, -12/169 HPs)
             Began as a Minotaur Berserker on June 14, 2022.
             Was a Priest of Trog.
             Mangled by a catoblepas (18 damage)
             ... on level 6 of the Lair of Beasts.
             The game lasted 01:14:23 (15486 turns).

Pooter the Severer (Minotaur Berserker)            Turns: 15486, Time: 01:14:23

Health: -12/169    AC: 22    Str: 21    XL:     12   Next: 75%
Magic:  11/11      EV:  8    Int:  7    God:    Trog [***...]
Gold:   1734       SH:  0    Dex: 15    Spells: 11/11 levels left

rFire   . . .      SeeInvis .   a - +2 broad axe (flame)
rCold   + . .      Faith    .   n - orb {mayhem}
rNeg    + + +      Spirit   .   w - +7 chain mail "Taigos" {+Blink rPois rCorr Int-3}
rPois   +          Reflect  .   (helmet restricted)
rElec   +          Harm     +   r - +0 cloak
rCorr   +          Rampage  .   X - +1 pair of gloves
Will    ++...                   m - +0 pair of boots
Stlth   ..........              A - amulet of Fuudd {RegenMP Harm rC+ rN+++}
HPRegen 0.38/turn               l - +6 ring of dexterity
MPRegen 0.52/turn               u - ring "Irchius" {Fly rElec Will++ Str-5 Int+4}

@: berserking, flying, very quick
A: horns 2, retaliatory headbutt
a: Renounce Religion, Evoke Blink, Berserk, Trog's Hand


You were on level 6 of the Lair of Beasts.
You worshipped Trog.
Trog was most pleased with you.
You visited 2 branches of the dungeon, and saw 15 of its levels.
You also visited: Ossuary.

You collected 1734 gold pieces.

Inventory:

Hand Weapons
 a - a +2 broad axe of flaming (weapon)
   (You took it off an orc on level 5 of the Dungeon)
 b - a +1 hand crossbow of flaming
   (You took it off a kobold on level 9 of the Dungeon)
Missiles
 g - 43 poisoned darts (quivered)
 y - 4 javelins
 F - a curare-tipped dart
 H - 6 boomerangs
 Q - 380 stones
 T - 2 silver boomerangs
Armour
 m - a +0 pair of boots (worn)
   (You found it on level 1 of the Dungeon)
 n - an orb of mayhem (worn)
   (You found it on level 2 of the Dungeon)
 r - a +0 cloak (worn)
   (You found it on level 2 of the Dungeon)
 v - a +0 plate armour
   (You found it on level 4 of the Dungeon)
 w - the +7 chain mail "Taigos" (worn) {+Blink rPois rCorr Int-3}
   (You found it on level 4 of the Dungeon)

   Int:       It affects your intelligence (-3).
   rPois:     It protects you from poison.
   +Blink:    It lets you blink.
   rCorr:     It protects you from acid and corrosion.
 L - a +0 kite shield
   (You took it off a gnoll sergeant on level 7 of the Dungeon)
 X - a +1 pair of gloves (worn)
   (You found it on level 2 of the Lair of Beasts)
Jewellery
 j - an amulet of the acrobat
   (You found it on level 9 of the Dungeon)
 l - a +6 ring of dexterity (left hand)
   (You found it on level 1 of the Dungeon)
 u - the ring "Irchius" (right hand) {Fly rElec Will++ Str-5 Int+4}
   (You acquired it on level 7 of the Dungeon)

   [ring of flight]

   Str:       It affects your strength (-5).
   Int:       It affects your intelligence (+4).
   rElec:     It insulates you from electricity.
   Fly:       It grants you flight.
   Will:      It greatly increases your willpower.
 A - the amulet of Fuudd (around neck) {RegenMP Harm rC+ rN+++}
   (You took it off an orc on level 5 of the Dungeon)

   [amulet of magic regeneration]

   It increases your rate of magic regeneration.
   rC:        It protects you from cold.
   rN:        It renders you almost immune to negative energy.
   Harm:      It increases damage dealt and taken.
 D - an amulet of faith {!P}
   (You found it on level 3 of the Dungeon)
 N - a ring of positive energy
   (You found it on level 1 of the Lair of Beasts)
 P - a ring of poison resistance
   (You found it on level 2 of the Lair of Beasts)
 S - a ring of fire
   (You took it off an orc wizard on level 10 of the Dungeon)
 U - a ring of flight
   (You found it on level 8 of the Dungeon)
 W - a ring of magical power
   (You found it on level 2 of the Lair of Beasts)
Wands
 d - a wand of iceblast (1)
   (You found it on level 6 of the Dungeon)
 f - a wand of flame (79)
   (You took it off Eustachio on level 6 of the Dungeon)
Scrolls
 c - 6 scrolls of immolation {!r}
 s - a scroll of noise {!r}
 t - 11 scrolls of teleportation {@r4}
 x - 3 scrolls of poison
 B - 5 scrolls of fog
 G - a scroll of blinking
 I - a scroll of magic mapping {unknown}
 K - 4 scrolls of fear
 M - a scroll of summoning
 R - a scroll of brand weapon
Potions
 e - 7 potions of might
 h - 4 potions of lignification {!q}
 i - a potion of invisibility {unknown}
 k - 5 potions of curing {@q1}
 o - a potion of ambrosia {unknown}
 p - 3 potions of attraction {!q}
 q - a potion of heal wounds {@q2}
 z - 5 potions of haste {@q3}
 C - a potion of mutation {unknown}
 E - 2 potions of flight
 J - 2 potions of cancellation {unknown}
 O - a potion of magic {unknown}
 V - a potion of degeneration {unknown}


   Skills:
 + Level 12.8 Fighting
 * Level 17.4 Axes
 * Level 8.3 Crossbows
 + Level 6.7 Armour
 - Level 2.1 Dodging
 + Level 6.1 Shields
 - Level 5.6 Evocations


You had 11 spell levels left.
You didn't know any spells.
Your spell library was empty.

Dungeon Overview and Level Annotations

Branches:
Dungeon (11/15)            Temple (0/1) D:4            Lair (3/6) D:11
Ossuary (visited)
  Swamp: Lair:2-4    Shoals: Lair:2-4     Snake: Lair:2-4    Spider: Lair:2-4
    Orc: D:9-12

Altars:
Ashenzari
Gozag
Makhleb
Qazlal
Ru
Sif Muna
Trog
Vehumet
Wu Jian
Xom
Zin
The Shining One


Innate Abilities, Weirdness & Mutations

You have a pair of horns on your head.
You reflexively headbutt those who attack you in melee.


Message History

Your +1 hand crossbow of flaming bursts into flame!
b - a +1 hand crossbow of flaming (weapon)
A sourceless malevolence fills the Lair of Beasts...
You are sucked into a shaft and drop 3 floors!
The shaft crumbles and collapses.
A catoblepas and a polar bear come into view.
The catoblepas bellows!
Do you really want to go berserk while wielding your +1 hand crossbow of flaming?
Okay, then.
Unknown command.
Your +1 hand crossbow of flaming stops flaming.
Your +2 broad axe of flaming bursts into flame!
a - a +2 broad axe of flaming (weapon)
You hit the catoblepas but do no damage.
You headbutt the catoblepas. You hit the plant.
The plant begins to die.
You burn the plant. The catoblepas barely misses you. You furiously retaliate!
You headbutt the catoblepas. You slash the catoblepas! You burn the catoblepas.
You headbutt the catoblepas. You hit the plant. You burn the plant.
You completely miss the catoblepas. You slash the plant! You burn the plant.
The catoblepas breathes a plume of calcifying dust at you.
The blast of calcifying dust hits you. The catoblepas gores you.
You hit the catoblepas but do no damage.
The catoblepas closely misses you.
You slash the catoblepas! You burn the catoblepas.
The catoblepas gores you but does no damage.
You hit the catoblepas. You burn the catoblepas. You hit the polar bear.
You burn the polar bear.
A nearby plant withers and dies.
You hit the catoblepas but do no damage.
You slice the polar bear!! You burn the polar bear.
The polar bear goes berserk!
The catoblepas gores you!
You hit the catoblepas but do no damage.
You headbutt the catoblepas! You slash the polar bear! You burn the polar bear.
You kill the polar bear!
Trog accepts your kill.
The catoblepas flies into a frenzy!
The catoblepas gores you!!
You hit the catoblepas. You burn the catoblepas. The catoblepas gores you!
* * * LOW HITPOINT WARNING * * *
You hit the catoblepas. You burn the catoblepas. The catoblepas gores you!!
* * * LOW HITPOINT WARNING * * *
You barely miss the catoblepas.
You headbutt the catoblepas, but do no damage.
The catoblepas gores you!
* * * LOW HITPOINT WARNING * * *
A red film seems to cover your vision as you go berserk!
You feel yourself moving faster!
You feel mighty! The catoblepas gores you!
* * * LOW HITPOINT WARNING * * *
The catoblepas gores you!
You die...

########
###.#PP..#
.........#
........#
........#
#.†@#
#...#.Y#
..#.....#
......P..#
......P..#
.........#
...#.P...#
....###..#
..P# #..#


You could see a neutral catoblepas (fast, strong, insane).

Vanquished Creatures
  Erolcha (D:10)
  A hydra (Lair:1)
  4 boulder beetles
  A two-headed ogre (D:11)
  Pikel (D:7)
  A manticore (D:11)
  An oklob plant (Lair:1)
  An ice statue (D:11)
  A black mamba (Lair:2)
  3 cane toads
  2 rime drakes
  4 komodo dragons
  6 ice devils (D:11)
  A troll (D:9)
  2 polar bears
  8 blink frogs
  16 yaks
  Sigmund (D:5)
  2 wyverns
  Eustachio (D:6)
  2 wraiths
  2 steam dragons (D:11)
  A basilisk (Lair:2)
  Menkaure (D:5)
  2 acid dragons
  A water moccasin (Lair:1)
  6 sky beasts
  4 black bears
  7 orc warriors
  An ice beast (D:5)
  6 wolves
  10 centaurs
  2 phantoms
  9 bullfrogs
  4 kobold brigands
  A necrophage (D:7)
  2 gnoll sergeants
  4 scorpions
  14 wights
  4 killer bees (D:9)
  7 howler monkeys
  5 hounds
  2 jellies
  7 orc priests
  3 iguanas
  16 orc wizards
  Terence (D:3)
  2 mummies (Ossuary)
  8 gnolls
  4 adders
  A shadow imp (D:7)
  6 ufetubi (D:11)
  7 adder zombies (Ossuary)
  A worm (D:4)
  4 dart slugs
  47 orcs
  12 endoplasms
  4 giant cockroaches
  4 hobgoblins
  3 quokkas
  7 ball pythons
  6 bats
  4 frilled lizards
  2 gnoll zombies (Ossuary)
  14 goblins
  4 hobgoblin zombies (Ossuary)
  25 kobolds
  6 kobold zombies (Ossuary)
  4 orc zombies (Ossuary)
  2 rats
  2 bushes (Lair:1)
361 creatures vanquished.

Vanquished Creatures (collateral kills)
  2 rust devils (D:6)
  A blink frog (Lair:2)
  2 orc warriors
  An ice beast (D:7)
  4 wights (D:7)
  An orc wizard (D:7)
  A gnoll (D:7)
  An orc (D:6)
  A kobold (D:6)
14 creatures vanquished.

Vanquished Creatures (others)
  A gnoll (D:7)
  20 fungi
  16 plants
37 creatures vanquished.

Grand Total: 412 creatures vanquished

Notes
Turn   | Place    | Note
-------+----------+-------------------------------------------
     0 | D:1      | Pooter the Minotaur Berserker began the quest for the Orb.
     0 | D:1      | Reached XP level 1. HP: 19/19 MP: 0/0
    93 | D:1      | Reached skill level 4 in Axes
   194 | D:1      | Reached XP level 2. HP: 25/27 MP: 1/1
   273 | D:1      | Found a faded altar of an unknown god.
  1072 | D:2      | Reached ** piety under Trog
  1096 | D:2      | Reached XP level 3. HP: 33/33 MP: 2/2
  1314 | D:2      | Reached skill level 5 in Axes
  1879 | D:3      | Noticed Terence
  1888 | D:3      | Killed Terence
  1889 | D:3      | Reached XP level 4. HP: 36/41 MP: 3/3
  2267 | D:3      | Found an ornate altar of the Wu Jian Council.
  2308 | D:3      | Found a glowing golden altar of the Shining One.
  2441 | D:3      | Reached *** piety under Trog
  2730 | D:4      | Found a staircase to the Ecumenical Temple.
  2740 | D:4      | Noticed a scorpion
  2750 | D:4      | Killed a scorpion
  2751 | D:4      | Reached skill level 5 in Fighting
  2751 | D:4      | Reached skill level 6 in Axes
  2751 | D:4      | Reached XP level 5. HP: 48/48 MP: 4/4
  2924 | D:4      | Noticed a phantom
  2936 | D:4      | Killed a phantom
  2937 | D:4      | Reached skill level 7 in Axes
  2937 | D:4      | Reached XP level 6. HP: 56/56 MP: 5/5
  2945 | D:4      | Found a shimmering altar of Xom.
  2981 | D:4      | Found a glowing silver altar of Zin.
  2983 | D:4      | Found a shimmering blue altar of Sif Muna.
  3046 | D:4      | Found an opulent altar of Gozag.
  3050 | D:4      | Identified the +7 chain mail "Taigos" {+Blink rPois rCorr
                  | Int-3}
  3194 | D:4      | Found a radiant altar of Vehumet.
  3356 | D:5      | Entered Level 5 of the Dungeon
  3368 | D:5      | Reached skill level 8 in Axes
  3368 | D:5      | Noticed an ice beast
  3377 | D:5      | Killed an ice beast
  3378 | D:5      | Reached XP level 7. HP: 53/64 MP: 6/6
  3509 | D:5      | Noticed Menkaure
  3529 | D:5      | Killed Menkaure
  3530 | D:5      | Reached skill level 9 in Axes
  3604 | D:5      | Identified the amulet of Fuudd {RegenMP Harm rC+ rN+++}
  3616 | D:5      | Reached **** piety under Trog
  3640 | D:5      | Reached XP level 8. HP: 73/73 MP: 7/7
  3687 | D:5      | Noticed Sigmund
  3691 | D:5      | Killed Sigmund
  3692 | D:5      | Reached skill level 10 in Axes
  4062 | D:5      | Found a stormy altar of Qazlal.
  4062 | D:5      | Found a bloodstained altar of Trog.
  4062 | D:5      | Found a sacrificial altar of Ru.
  4423 | D:6      | Reached skill level 11 in Axes
  4727 | D:6      | Noticed Eustachio
  4735 | D:6      | Killed Eustachio
  4736 | D:6      | Reached skill level 1 in Evocations
  4736 | D:6      | Reached XP level 9. HP: 82/82 MP: 8/8
  4762 | D:6      | Reached skill level 12 in Axes
  5224 | D:6      | Found a broken altar of Ashenzari.
  5596 | D:7      | Reached skill level 13 in Axes
  5650 | D:7      | Found a sand-covered staircase.
  5660 | Ossuary  | Entered an ossuary
  5677 | Ossuary  | Reached ***** piety under Trog
  5827 | D:6      | Noticed a rust devil
  5827 | D:6      | Noticed a rust devil
  5834 | D:6      | Reached skill level 10 in Fighting
  5835 | D:6      | Killed a rust devil
  5836 | D:6      | Reached XP level 10. HP: 93/93 MP: 9/9
  5837 | D:6      | Killed a rust devil
  5943 | D:7      | Noticed Pikel
  5949 | D:7      | Killed Pikel
  5950 | D:7      | Reached skill level 14 in Axes
  6055 | D:7      | Identified 2 scrolls of acquirement
  6055 | D:7      | Acquired 824 gold pieces
  6057 | D:7      | Acquired the ring "Irchius" {Fly rElec Will++ Str-5 Int+4}
  6239 | D:8      | Found a burning altar of Makhleb.
  7318 | D:9      | Reached skill level 5 in Evocations
  7514 | D:9      | Reached skill level 15 in Axes
  8025 | D:10     | Entered Level 10 of the Dungeon
  8043 | D:10     | Reached skill level 1 in Crossbows
  8255 | D:10     | Reached XP level 11. HP: 94/102 MP: 10/10
  8492 | D:10     | Noticed Erolcha
  8506 | D:10     | Killed Erolcha
  8507 | D:10     | Reached skill level 1 in Shields
 11033 | D:11     | Noticed a boulder beetle
 11044 | D:11     | Killed a boulder beetle
 11353 | D:11     | Noticed a boulder beetle
 11370 | D:11     | Killed a boulder beetle
 11707 | D:11     | Reached skill level 16 in Axes
 11727 | D:11     | Reached skill level 5 in Crossbows
 12331 | D:11     | Found a staircase to the Lair.
 12417 | D:11     | Noticed a two-headed ogre
 12422 | D:11     | Killed a two-headed ogre
 12610 | Lair:1   | Entered Level 1 of the Lair of Beasts
 12665 | Lair:1   | Noticed an eight-headed hydra
 12672 | Lair:1   | Killed a five-headed hydra
 12673 | Lair:1   | Reached skill level 5 in Armour
 12871 | Lair:1   | Reached XP level 12. HP: 112/112 MP: 11/11
 13461 | Lair:1   | Noticed a boulder beetle
 13749 | Lair:1   | Reached skill level 5 in Shields
 13817 | Lair:1   | Killed a boulder beetle
 14143 | Lair:1   | Reached skill level 17 in Axes
 14377 | Lair:2   | Noticed a boulder beetle
 14396 | Lair:2   | Killed a boulder beetle
 15472 | Lair:3   | You are sucked into a shaft and drop 3 floors!
 15472 | Lair:6   | Entered Level 6 of the Lair of Beasts
 15472 | Lair:6   | Noticed a catoblepas
 15486 | Lair:6   | HP: 6/169 [catoblepas (9)]
 15486 | Lair:6   | Mangled by a catoblepas

Illustrated notes

Levels and vault maps discovered:
D:1:      minmay_arrival_four_loops, layout_loops_cross,
          hellmonk_ecumenical_altar_heavens_door, minmay_distorted
D:2:      layout_loops_cross
D:3:      layout_basic, overflow_temple_1_default, mainiacjoe_overflow_chevrons,
          minmay_liquid_box, uniq_terence
D:4:      layout_basic, mainiacjoe_overflow_tiny_flanked,
          grunt_temple_overflow_open, minmay_temple_entry_glassed_door,
          st_stairs_12
D:5:      layout_basic, gammafunk_temple_overflow_forgotten, uniq_menkaure,
          uniq_sigmund
D:6:      cheibrodos_iron_armory, layout_basic, lemuel_coloured_pillars_altar,
          uniq_eustachio
D:7:      layout_gridville, enter_ossuary_1, grunt_ministairs_9, uniq_pikel
D:8:      layout_basic, bloody_makhleb
D:9:      layout_roguey, nrook_campfire
D:10:     layout_cave_pools, special_room [special_room_orc], minivault_26,
          uniq_erolcha
D:11:     cheibrodos_frozen_isle, layout_irregular_city,
          grunt_lair_entry_orc_guard_hut, hangedman_misty_isle
Lair:1:   layout_chaotic_city, minmay_lair_oklob_bushes,
          chequers_serial_rivers_small_3, grunt_megastairs_4
Lair:2:   layout_chaotic_city
Lair:3:   layout_small_grid, nicolae_spider_entry_orb_guardian
Lair:6:   guppyfry_lair_end_dragon, layout_small_grid,
          hangedman_lair_caniforms_friends, serial_forest,
          infiniplex_forest_clump_large, infiniplex_forest_clump_medium,
          infiniplex_forest_clump_C, infiniplex_forest_straight_3,
          infiniplex_forest_clump_cross, infiniplex_forest_lined_corner,
          infiniplex_forest_3_way, infiniplex_forest_clump_long

Skill      XL: |  1  2  3  4  5  6  7  8  9 10 11 12 |
---------------+-------------------------------------+-----
Axes           | 4 5 6 7 8 9 11 13 15 16 17 | 17.4
Fighting       | 4 5 6 7 8 10 11 12 | 12.8
Evocations     | 1 3 5 |  5.6
Crossbows      | 2 6 8 |  8.3
Shields        | 4 6 |  6.1
Armour         | 5 6 |  6.7
Dodging        | |  2.1

Action                   |  1- 3 |  4- 6 |  7- 9 | 10-12 || total
-------------------------+-------+-------+-------+-------++-------
Melee: Hand axe          |    28 |       |       |       ||    28
       Headbutt          |    14 |    18 |    37 |   106 ||   175
       Quarterstaff      |    44 |    86 |    31 |       ||   161
       Broad axe         |       |       |   150 |   405 ||   555
       Hunting sling     |       |       |       |     1 ||     1
 Fire: Hunting sling     |    43 |    31 |    10 |    10 ||    94
       Hand crossbow     |       |       |       |   164 ||   164
Throw: Stone             |     2 |     3 |    12 |       ||    17
       Dart              |       |     3 |     8 |    34 ||    45
       Boomerang         |       |       |       |     1 ||     1
       Javelin           |       |       |       |     2 ||     2
Invok: Trog's Hand       |       |     3 |     5 |    22 ||    30
       Berserk           |       |       |     6 |     6 ||    12
       Brothers in Arms  |       |       |     1 |       ||     1
Evoke: Wand              |       |       |     2 |     6 ||     8
  Use: Scroll            |     5 |     3 |     8 |    13 ||    29
       Potion            |       |       |     2 |     3 ||     5
 Stab: Distracted        |       |       |     1 |       ||     1
Armor: Ring mail         |    28 |       |       |       ||    28
       Animal skin       |     4 |       |       |       ||     4
       Scale mail        |    11 |       |       |       ||    11
       Chain mail        |       |    18 |   113 |   230 ||   361
       Plate armour      |       |    59 |       |       ||    59
Dodge: Dodged            |    52 |    42 |    97 |    96 ||   287
Block: Kite shield       |       |       |       |   122 ||   122

Table legend: (Time is in decaauts)
 A = Elapsed time spent in this place.
 B = Non-inter-level travel time spent in this place.
 C = Inter-level travel time spent in this place.
 D = Time resting spent in this place.
 E = Time spent auto-exploring this place.
 F = Levels seen in this place.
 G = Mean time per level.
                   A        B        C        D        E       F      G
               +--------+--------+--------+--------+--------+-----+--------+
         Total |  15738 |  15480 |    258 |   3861 |   8621 |  16 |  983.6 |
       Dungeon |  12964 |  12749 |    215 |   3671 |   6685 |  11 | 1178.5 |
          Lair |   2638 |   2595 |     43 |    190 |   1922 |   4 |  659.5 |
       Ossuary |    135 |    135 |      0 |      0 |     14 |   1 |  135.0 |
               +--------+--------+--------+--------+--------+-----+--------+

Top non-repeatable levels by time:
    D:10: 3003 daAuts
    D:11: 1927 daAuts
  Lair:1: 1456 daAuts
     D:5: 1085 daAuts
     D:6: 1019 daAuts
     D:8: 1007 daAuts
     D:3: 1002 daAuts
  Lair:2: 955 daAuts
     D:1: 951 daAuts
     D:9: 804 daAuts
     D:2: 749 daAuts
     D:4: 728 daAuts
     D:7: 686 daAuts
  Lair:3: 217 daAuts
 Ossuary: 135 daAuts
